 Dungeon Crawl Stone Soup version 0.30-a0-322-g102857c98e (webtiles) character file.

Game seed: 17025471674816341640

700 koil the Sneak (level 7, 0/36 HPs)
             Began as a Spriggan Hunter on Oct 27, 2022.
             Succumbed to a scorpion's poison
             ... on level 5 of the Dungeon.
             The game lasted 00:07:20 (2860 turns).

koil the Sneak (Spriggan Hunter)                    Turns: 2860, Time: 00:07:21

Health: 0/36       AC:  6    Str:  7    XL:     7   Next: 38%
Magic:  14/14      EV: 21    Int: 10    God:
Gold:   180        SH:  0    Dex: 21    Spells: 14/14 levels left

rFire   + + .      SeeInvis +    a - +0 shortbow
rCold   + . .      Faith    .    (shield currently unavailable)
rNeg    . . .      Spirit   .    c - +0 robe
rPois   +          Reflect  .    (helmet restricted)
rElec   +          Harm     .    (no cloak)
rCorr   +          Rampage  .    (gloves unavailable)
Will    +....                    (boots unavailable)
Stlth   +++.......               (no amulet)
HPRegen 0.26/turn                r - +4 ring of protection
MPRegen 0.14/turn                q - ring of protection from fire

@: lethally poisoned (0 -> -3), resistant, hasted, invisible, very quick
A: very small, no large weapons, unfitting armour, see invisible, speed 3
a: no special abilities


You were on level 5 of the Dungeon.
You visited 1 branch of the dungeon, and saw 5 of its levels.

You collected 180 gold pieces.

Inventory:

Hand Weapons
 a - a +0 shortbow (weapon)
 p - a +2 trident of flaming
 t - a +1 dagger of electrocution
 y - a +1 dagger of venom
Armour
 c - a +0 robe (worn)
Jewellery
 q - a ring of protection from fire (right hand)
 r - a +4 ring of protection (left hand)
 w - a ring of positive energy
 x - a ring of magical power
Scrolls
 b - 2 scrolls of immolation
 d - 4 scrolls of identify {unknown}
 e - a scroll of butterflies {unknown}
 g - 3 scrolls of vulnerability {unknown}
 l - a scroll of summoning {unknown}
 m - 2 scrolls of poison {unknown}
 s - a scroll of silence {unknown}
 u - 2 scrolls of teleportation {unknown}
Potions
 f - a potion of haste
 j - 2 potions of heal wounds {unknown}
 k - a potion of might {unknown}
 n - 3 potions of ambrosia {unknown}
 o - 2 potions of attraction {unknown}
 v - a potion of lignification {unknown}


   Skills:
 + Level 3.3 Fighting
 + Level 5.4 Ranged Weapons
 + Level 5.4 Dodging
 + Level 5.7 Stealth
 + Level 4.0 Spellcasting


You had 14 spell levels left.
You didn't know any spells.
Your spell library contained the following spells:

 Spells                   Type           Power      Damage    Failure   Level
 Cigotuvi's Dreadful Rot  Necr/Pois/Air  4%         N/A       36%         2
 Static Discharge         Conj/Air       4%         2-3/arc   36%         2
 Ozocubu's Armour         Ice            2%         N/A       58%         3
 Vhi's Electric Charge    Tloc/Air       4%         N/A       58%         3
 Dispel Undead            Necr           2%         3d7       94%         4
 Arcjolt                  Conj/Air       1%         1d11      100%        5
 Lightning Bolt           Conj/Air       1%         1d12      100%        5
 Metabolic Englaciation   Hex/Ice        1%         N/A       100%        5
 Death Channel            Necr           1%         N/A       100%        6
 Simulacrum               Ice/Necr       1%         N/A       100%        6


Dungeon Overview and Level Annotations

Branches:
Dungeon (5/15)
 Temple: D:4-7

Altars:

Shops:
D:2 [   D:3 [


Innate Abilities, Weirdness & Mutations

You are very small and have problems with some larger weapons.
You are too small for most types of armour.
You have supernaturally acute eyesight. (SInv)
You cover ground extremely quickly. (Speed+++)


Message History

The scorpion is moderately wounded.
The scorpion stings you.
You shoot an arrow. The arrow hits the scorpion!
The scorpion is severely wounded.
The scorpion misses you. The scorpion completely misses you.
You shoot an arrow.
The arrow hits the scorpion but does no damage.
The scorpion is severely wounded.
The scorpion stings you.
You shoot an arrow. The arrow closely misses the scorpion.
The scorpion completely misses you. The scorpion closely misses you.
You shoot an arrow. The arrow hits the scorpion.
The scorpion is severely wounded.
The scorpion stings you.
You shoot an arrow. The arrow closely misses the scorpion.
The scorpion stings you.
You are poisoned.
The scorpion poisons you! The scorpion misses you.
You are too injured to fight recklessly!
You are too injured to fight recklessly!
You are too injured to fight recklessly!
You are too injured to fight recklessly!
You are too injured to fight recklessly!
Fire: a) +0 shortbow
Press: ? - help, Q - select action Shift-Dir - straight line, f/p - scorpion
Aim: a scorpion (severely wounded, 65% to hit)
You shoot an arrow. The arrow barely misses the scorpion.
You feel very sick. The scorpion stings you.
* * * LOW HITPOINT WARNING * * *
It was a potion of resistance.
You feel protected.
* * * LOW HITPOINT WARNING * * *
You feel sick. The scorpion barely misses you.
It was a potion of invisibility.
You fade into invisibility!
* * * LOW HITPOINT WARNING * * *
You feel sick. The scorpion completely misses you.
It was a potion of haste.
You feel yourself speed up.
You die...

... ##.. ##..#
##...## ##.....#
###...<..##
#.........##
#.†........#
#.).)@.....#
#.))s.......#
#..?............#
....##...........#
.## #....?.......
##..........
#..........
##.........


You could see a scorpion (unable to see you).

Vanquished Creatures
  An ice beast (D:4)
  4 wights (D:5)
  A jelly (D:4)
  4 hounds (D:4)
  An iguana (D:4)
  3 orc wizards (D:4)
  5 adders
  An ufetubus (D:4)
  2 worms
  2 dart slugs
  5 orcs
  A ball python (D:4)
  14 endoplasms
  4 giant cockroaches
  4 goblins
  9 hobgoblins
  11 jackals
  11 kobolds
  A quokka (D:2)
  4 bats
  3 frilled lizards
  5 rats
96 creatures vanquished.

Notes
Turn   | Place    | Note
-------+----------+-------------------------------------------
     0 | D:1      | koil the Spriggan Hunter began the quest for the Orb.
     0 | D:1      | Reached XP level 1. HP: 10/10 MP: 2/2
    28 | D:1      | Found a faded altar of an unknown god.
    92 | D:1      | Reached XP level 2. HP: 15/15 MP: 2/4
   138 | D:1      | Reached skill level 1 in Spellcasting
   473 | D:1      | Reached XP level 3. HP: 18/18 MP: 5/5
   819 | D:2      | Reached XP level 4. HP: 20/23 MP: 7/7
   841 | D:2      | Found Isieg's Armour Shop.
  1377 | D:3      | Found Utiaruomp's Antique Armour Shoppe.
  1726 | D:4      | Reached XP level 5. HP: 25/27 MP: 9/9
  1903 | D:4      | Reached XP level 6. HP: 30/32 MP: 9/11
  2154 | D:4      | Reached skill level 5 in Ranged Weapons
  2259 | D:4      | Noticed an ice beast
  2316 | D:4      | Killed an ice beast
  2317 | D:4      | Reached skill level 5 in Stealth
  2534 | D:4      | Reached skill level 5 in Dodging
  2782 | D:5      | Entered Level 5 of the Dungeon
  2799 | D:5      | Reached XP level 7. HP: 31/36 MP: 13/13
  2859 | D:5      | HP: 1/36 [poisoned by a scorpion]
  2860 | D:5      | Succumbed to a scorpion's poison

Illustrated notes

Levels and vault maps discovered:
D:1:      amcnicky_arrival_flooded_fountain, layout_loops_ring,
          basic_ecumenical_altar, minmay_tripent
D:2:      layout_rooms, serial_shops, nicolae_shop_trees,
          nicolae_elevator_lobby_plus
D:3:      layout_rooms, serial_shops, shop
D:4:      layout_basic, serial_corexii_hall, chequers_hall_statues_y,
          corexii_hall_statues_i, dreamdust_princess_bridge
D:5:      kennysheep_big_flooded_room, layout_cave_pods,
          kennysheep_small_spiral, sigmund_army, uniq_ijyb

Skill      XL: |  1  2  3  4  5  6  7 |
---------------+----------------------+-----
Stealth        | 2 3 4 5 |  5.7
Dodging        | 3 4 5 |  5.4
Spellcasting   | 1 2 3 4 |  4.0
Fighting       | 2 3 |  3.3
Ranged Weapons | 5 |  5.4

Action                   |  1- 3 |  4- 6 |  7- 9 || total
-------------------------+-------+-------+-------++-------
 Fire: Shortbow          |    73 |   183 |    37 ||   293
  Use: Potion            |       |       |     3 ||     3
Armor: Robe              |       |    14 |     5 ||    19
Dodge: Dodged            |    24 |    95 |    28 ||   147

Table legend: (Time is in decaauts)
 A = Elapsed time spent in this place.
 B = Non-inter-level travel time spent in this place.
 C = Inter-level travel time spent in this place.
 D = Time resting spent in this place.
 E = Time spent auto-exploring this place.
 F = Levels seen in this place.
 G = Mean time per level.
                   A        B        C        D        E       F      G
               +--------+--------+--------+--------+--------+-----+--------+
         Total |   2029 |   1982 |     47 |     20 |   1449 |   5 |  405.8 |
       Dungeon |   2029 |   1982 |     47 |     20 |   1449 |   5 |  405.8 |
               +--------+--------+--------+--------+--------+-----+--------+

Top non-repeatable levels by time:
     D:4: 847 daAuts
     D:1: 422 daAuts
     D:2: 404 daAuts
     D:3: 267 daAuts
     D:5: 87 daAuts
